 Dungeon Crawl Stone Soup version 0.28.0-53-g5a82cb258f (console) character file.

Game seed: 14825516826307960426

57085 erker the Thaumaturge (level 14, -14/108 HPs)
             Began as a Gnoll Earth Elementalist on July 10, 2022.
             Was the Champion of Cheibriados.
             Shot with an arrow by a naga sharpshooter (31 damage)
             ... on level 1 of the Snake Pit.
             The game lasted 02:06:25 (24410 turns).

erker the Thaumaturge (Gnoll Earth Elementalist)   Turns: 24410, Time: 02:06:26

Health: -14/108    AC:  4    Str: 25    XL:     14   Next: 84%
Magic:  28/28      EV: 23    Int: 33    God:    Cheibriados [******]
Gold:   1206       SH:  0    Dex: 27    Spells: 21/34 levels left

rFire   + + .      SeeInvis .   a - +2 dagger (venom)
rCold   + . .      Faith    .   (no shield)
rNeg    . . .      Spirit   .   N - +0 robe {rC+ rF+}
rPois   +          Reflect  .   (no helmet)
rElec   .          Harm     .   s - scarf {repulsion}
rCorr   .          Rampage  .   F - +1 pair of gloves
Will    +....                   (no boots)
Stlth   +++++.....              u - amulet of Xom's Flight of Fancy {RegenMP rPois rF+ Regen+}
HPRegen 1.08/turn               K - ring of flight
MPRegen 0.61/turn               B - +4 ring of evasion

@: marked, flying, constricted, repel missiles, very slow
A: fangs 1, strong nose, distributed training, claws 1, deformed body, mutation
resistance 1
a: Renounce Religion, Bend Time, Temporal Distortion, Slouch, Step From Time


You were on level 1 of the Snake Pit.
You worshipped Cheibriados.
Cheibriados was exalted by your worship.
You visited 5 branches of the dungeon, and saw 24 of its levels.

You collected 1350 gold pieces.
You spent 144 gold pieces at shops.

Inventory:

Hand Weapons
 a - a +2 dagger of venom (weapon)
 b - a +0 arbalest
 w - a +6 scimitar
 E - a +0 rapier
Missiles
 c - 708 stones
 r - 37 poisoned darts (quivered)
 D - 186 bolts
 P - a curare-tipped dart
 S - 95 sling bullets
Armour
 e - a +0 kite shield
 s - a scarf of repulsion (worn)
 F - a +1 pair of gloves (worn)
 N - a +0 robe of resistance (worn)
Magical Staves
 L - a staff of poison
Jewellery
 j - a ring of protection from fire
 t - the ring of Ykethrac {Ice +Blink}
   (You found it on level 3 of the Dungeon)

   [ring of ice]

   It enhances your ice magic.
   rF:        It makes you vulnerable to fire.
   rC:        It protects you from cold.
   +Blink:    It lets you blink.
 u - the amulet of Xom's Flight of Fancy (around neck) {RegenMP rPois rF+ Regen+}
   (You acquired it on level 6 of the Lair of Beasts)

   [amulet of magic regeneration]

   It increases your rate of magic regeneration.
   rF:        It protects you from fire.
   rPois:     It protects you from poison.
   Regen:     It increases your rate of health regeneration.
 B - a +4 ring of evasion (right hand)
 K - a ring of flight (left hand)
 Q - a ring of protection from cold
Wands
 I - a wand of paralysis (11)
 T - a wand of mindburst (10)
 U - a wand of flame (16)
 Y - a wand of iceblast (1)
Scrolls
 g - 4 scrolls of immolation
 i - 5 scrolls of enchant armour
 l - 3 scrolls of magic mapping
 m - a scroll of enchant weapon
 n - 2 scrolls of fear
 o - 5 scrolls of fog
 p - 2 scrolls of torment
 q - 3 scrolls of holy word {unknown}
 v - 3 scrolls of teleportation
 x - 6 scrolls of amnesia
 y - a scroll of blinking
 C - 2 scrolls of vulnerability
 W - 2 scrolls of noise {unknown}
Potions
 d - 3 potions of attraction
 f - 5 potions of curing
 h - 4 potions of mutation
 k - 3 potions of lignification
 z - 2 potions of heal wounds
 A - 3 potions of berserk rage
 G - 5 potions of brilliance
 H - a potion of might {unknown}
 J - 2 potions of invisibility
 M - 3 potions of flight {unknown}
 V - a potion of resistance {unknown}
 Z - a potion of magic {unknown}
Miscellaneous
 O - a condenser vane
 R - a lightning rod (4/4)
 X - a tin of tremorstones (2/2)


   Skills:
 + Level 9.6 Fighting
 + Level 9.6 Short Blades
 + Level 9.6 Long Blades
 + Level 9.6 Axes
 + Level 9.6 Maces & Flails
 + Level 9.6 Polearms
 + Level 9.6 Staves
 + Level 9.6 Slings
 + Level 9.6 Bows
 + Level 9.6 Crossbows
 + Level 9.6 Throwing
 + Level 9.6 Armour
 + Level 10.6 Dodging
 + Level 10.5 Stealth
 + Level 9.6 Shields
 + Level 9.6 Unarmed Combat
 + Level 10.8 Spellcasting
 + Level 8.0 Conjurations
 + Level 8.0 Hexes
 + Level 8.0 Summonings
 + Level 8.0 Necromancy
 + Level 8.0 Translocations
 + Level 8.3 Transmutations
 + Level 8.0 Fire Magic
 + Level 8.0 Ice Magic
 + Level 8.0 Air Magic
 + Level 9.7 Earth Magic
 + Level 8.0 Poison Magic
 + Level 10.4 Invocations
 + Level 9.6 Evocations


You had 21 spell levels left.
You knew the following spells:

 Your Spells              Type           Power      Damage    Failure   Level
a - Sandblast             Erth           100%       2d20      1%          1
p - Petrify               Tmut/Erth      67%        N/A       1%          4
t - Olgreb's Toxic Radia  Pois           63%        N/A       1%          4
w - Passwall              Tmut/Erth      55%        N/A       1%          2
z - Ensorcelled Hibernat  Hex/Ice        100%       N/A       1%          2

Your spell library contained the following spells:

 Spells                   Type           Power      Damage    Failure   Level
 Magic Dart               Conj           100%       1d8       1%          1
 Sting                    Tmut/Pois      100%       1d8       1%          1
 Call Imp                 Summ           63%        N/A       1%          2
 Poisonous Vapours        Pois/Air       100%       N/A       1%          2
 Dazzling Flash           Conj/Hex       100%       N/A       1%          3
 Mephitic Cloud           Conj/Pois/Air  63%        N/A       1%          3
 Spider Form              Tmut/Pois      64%        N/A       1%          3
 Stone Arrow              Conj/Erth      100%       3d13      1%          3
 Tukima's Dance           Hex            63%        N/A       1%          3
 Anguish                  Hex/Necr       31%        N/A       1%          4
 Passage of Golubria      Tloc           63%        N/A       1%          4
 Agony                    Necr           63%        N/A       2%          5
 Silence                  Hex/Air        31%        N/A       2%          5
 Yara's Violent Unravell  Hex/Tmut       32%        3d13      2%          5


Dungeon Overview and Level Annotations

Branches:
Dungeon (14/15)            Temple (1/1) D:5            Lair (6/6) D:10
  Swamp (2/4) Lair:4        Snake (1/4) Lair:3        Slime (0/5) Lair:6
    Orc: D:9-12      Vaults: D:13-14

Altars:
Ashenzari
Cheibriados
Dithmenos
Elyvilon
Fedhas
Gozag
Hepliaklqana
Kikubaaqudgha
Makhleb
Nemelex Xobeh
Okawaru
Qazlal
Ru
Sif Muna
Trog
Uskayaw
Vehumet
Wu Jian
Xom
Yredelemnul
Zin
The Shining One
Jiyva

Shops:
D:7 *   Snake:1 :

Annotations:
D:3 Grinder
D:4 exclusion: ogre, Ijyb
D:7 3 runed translucent doors, diceflayer's ghost, journeyman MiFi; diceflayer's ghost, novice MiFi; mcbry74's ghost, novice TrBe
D:10 2 transporters, shugdite's ghost, novice MiFi
D:12 exclusions: boulder beetle and freezing wraith, Sonja
D:13 Josephine
D:14 exclusion: manticore
Lair:1 exclusion: oklob plant
Lair:2 Urug
Lair:3 2 transporters, exclusion: ice statue, zielscheibe's ghost, journeyman VSFi
Swamp:1 3 runed translucent doors, Frances; Wiffeddi's ghost, adept DEEE


Innate Abilities, Weirdness & Mutations

You have very sharp teeth.
Your uncanny sense of smell can sniff out nearby items.
Your experience applies equally to all skills.
You have sharp fingernails.
Armour fits poorly on your strangely shaped body.
You are somewhat resistant to further mutation.


Message History

A black mamba comes into view.
The anaconda grabs you. The anaconda misses you. The anaconda constricts you.
The anaconda completely misses you. The anaconda constricts you.
You escape the anaconda's grasp.
An anaconda comes into view.
The black mamba completely misses you. The anaconda barely misses you.
The anaconda bites you. The black mamba misses you.
The anaconda closely misses you. x2
The black mamba bites you! The anaconda closely misses you.
The anaconda misses you. The black mamba bites you. The anaconda misses you.
The anaconda barely misses you. The anaconda grabs you.
The anaconda completely misses you. The anaconda constricts you.
The black mamba bites you. The anaconda barely misses you.
An anaconda comes into view.
The anaconda closely misses you. The anaconda constricts you.
The black mamba misses you.
The naga sharpshooter unwields a +0 war axe.
The naga sharpshooter wields a +0 longbow.
The naga sharpshooter shoots an arrow.
The arrow completely misses you. The anaconda misses you.
There is a staircase back to the Lair, spattered with blood here.
You escape the anaconda's grasp.
The black mamba bites you. The anaconda misses you.
The anaconda closely misses you. The anaconda grabs you.
You stop ascending the stairs.
The anaconda bites you! The anaconda constricts you.
The black mamba closely misses you. The anaconda closely misses you.
The naga sharpshooter shoots an arrow.
The arrow misses you.
You escape the anaconda's grasp.
The anaconda completely misses you. The anaconda bites you!
The black mamba completely misses you. The anaconda completely misses you.
The anaconda closely misses you.
The naga sharpshooter unwields a +0 mace.
The naga sharpshooter wields a +0 arbalest.
The naga sharpshooter shoots a bolt.
The bolt hits you!!
* * * LOW HITPOINT WARNING * * *
The anaconda closely misses you. The anaconda misses you.
The anaconda grabs you.
You stop ascending the stairs.
The anaconda barely misses you. The anaconda constricts you.
* * * LOW HITPOINT WARNING * * *
The naga sharpshooter shoots an arrow.
The arrow hits you!!
You die...

.....#...........>.....≈≈⌠.⌠≈≈#..
#######..........######≈≈≈.≈≈≈...
##.........# ####≈≈.≈≈###.
##.##.....####......### #.
###..#####........## #.
#....##..........## ##
##...##.##......## #
#.....SSS......# #
#..).SS@#......# #
##.............N#
###...##.........N..N
#.....##.....##..N....
###....^.....#######...
#....######## ... ###### ..


You could see 3 naga sharpshooters, 3 anacondas and 2 black mambas.

Vanquished Creatures
  A bunyip (Swamp:2)
  8 hydras
  A catoblepas (Lair:4)
  3 boulder beetles
  An alligator (Swamp:1)
  2 death yaks
  3 two-headed ogres
  2 shock serpents (Snake:1)
  A sea snake (Snake:1)
  A spriggan druid (Swamp:1)
  2 goliath frogs (Swamp:1)
  A swamp dragon (Swamp:2)
  A wizard (D:14)
  A lindwurm (Lair:6)
  A deep elf pyromancer (D:10)
  2 mana vipers (Snake:1)
  A manticore (Lair:6)
  A salamander (Snake:1)
  3 cyclopes
  A will-o-the-wisp (Swamp:1)
  11 elephants
  6 black mambas
  A naga mage (Snake:1)
  A gargoyle (D:10)
  Psyche (D:8)
  11 cane toads
  11 komodo dragons
  A torpor snail (Lair:3)
  A kobold demonologist (D:10)
  2 trolls
  3 polar bears
  3 tyrant leeches (Swamp:1)
  6 hornets
  9 slime creatures (D:12)
  15 blink frogs
  3 spriggans (Swamp:1)
  3 wraiths
  6 wyverns
  32 yaks
  3 basilisks
  Grum (D:11)
  A naga (Snake:1)
  6 swamp worms
  An acid dragon (D:10)
  15 water moccasins
  A sky beast (D:6)
  5 orc warriors
  4 swamp drakes (Swamp:1)
  A necrophage (D:7)
  5 ice beasts (D:8)
  3 black bears
  7 wolves
  3 ogres
  14 centaurs
  3 kobold brigands
  6 bullfrogs
  4 gnoll sergeants
  2 scorpions (D:6)
  11 killer bees
  8 wights
  2 vampire bats (D:6)
  3 howler monkeys
  2 electric eels
  2 bullfrog zombies (D:6)
  3 hounds
  4 centaur zombies
  5 jellies
  7 orc priests
  Natasha (thrice) (D:3)
  An iguana (D:5)
  4 orc wizards
  4 hell rats (Lair:5)
  2 centaur simulacra
  A howler monkey zombie (D:9)
  A howler monkey skeleton (D:4)
  16 gnolls
  10 adders
  A shadow imp (D:7)
  3 white imps
  An ufetubus (D:5)
  2 dart slugs
  21 orcs
  7 ball pythons
  3 bat skeletons (D:6)
  A bat zombie (D:6)
  14 endoplasms
  4 giant cockroaches
  7 goblins
  9 hobgoblins
  16 kobolds
  3 quokkas
  6 bats
  6 frilled lizards
  8 rats
449 creatures vanquished.

Vanquished Creatures (others)
  A hydra (Swamp:2)
  A hell rat (Lair:6)
  An orc (D:8)
  2 foxfires (Swamp:1)
  54 fungi
  134 plants
193 creatures vanquished.

Grand Total: 642 creatures vanquished

Notes
Turn   | Place    | Note
-------+----------+-------------------------------------------
     0 | D:1      | erker the Gnoll Earth Elementalist began the quest for the
                  | Orb.
     0 | D:1      | Reached XP level 1. HP: 13/13 MP: 6/6
   379 | D:1      | Reached XP level 2. HP: 19/19 MP: 5/7
   389 | D:1      | Learned a level 2 spell: Ensorcelled Hibernation
   847 | D:1      | Reached XP level 3. HP: 25/25 MP: 7/9
   878 | D:1      | Reached skill level 5 in Spellcasting
  1635 | D:2      | Reached skill level 1 in Invocations
  1950 | D:2      | Reached skill level 1 in Fighting
  1950 | D:2      | Reached skill level 1 in Short Blades
  1950 | D:2      | Reached skill level 1 in Long Blades
  1950 | D:2      | Reached skill level 1 in Axes
  1950 | D:2      | Reached skill level 1 in Maces & Flails
  1950 | D:2      | Reached skill level 1 in Polearms
  1950 | D:2      | Reached skill level 1 in Staves
  1950 | D:2      | Reached skill level 1 in Slings
  1950 | D:2      | Reached skill level 1 in Bows
  1950 | D:2      | Reached skill level 1 in Crossbows
  1950 | D:2      | Reached skill level 1 in Throwing
  1950 | D:2      | Reached skill level 1 in Armour
  1950 | D:2      | Reached skill level 1 in Shields
  1950 | D:2      | Reached skill level 1 in Unarmed Combat
  1950 | D:2      | Reached skill level 1 in Evocations
  2108 | D:3      | Noticed Natasha
  2112 | D:3      | Killed Natasha
  2113 | D:3      | Reached XP level 4. HP: 32/32 MP: 7/11
  2322 | D:3      | Reached skill level 1 in Conjurations
  2322 | D:3      | Reached skill level 1 in Hexes
  2322 | D:3      | Reached skill level 1 in Summonings
  2322 | D:3      | Reached skill level 1 in Necromancy
  2322 | D:3      | Reached skill level 1 in Translocations
  2322 | D:3      | Reached skill level 1 in Fire Magic
  2322 | D:3      | Reached skill level 1 in Ice Magic
  2322 | D:3      | Reached skill level 1 in Air Magic
  2322 | D:3      | Reached skill level 1 in Poison Magic
  2405 | D:3      | Noticed Natasha
  2446 | D:3      | Killed Natasha
  2447 | D:3      | Reached XP level 5. HP: 37/37 MP: 10/12
  2643 | D:3      | Learned a level 2 spell: Passwall
  2666 | D:3      | Noticed Grinder
  2710 | D:3      | Noticed an ogre
  2738 | D:3      | Found a faded altar of an unknown god.
  2815 | D:3      | Identified the ring of Ykethrac {Ice +Blink}
  3401 | D:3      | Noticed Natasha
  3474 | D:3      | Killed Natasha
  3635 | D:4      | Reached XP level 6. HP: 27/44 MP: 11/13
  4166 | D:4      | Noticed Ijyb
  4255 | D:5      | Entered Level 5 of the Dungeon
  4317 | D:5      | Found a staircase to the Ecumenical Temple.
  4326 | Temple   | Entered the Ecumenical Temple
  4549 | Temple   | Became a worshipper of Cheibriados the Contemplative
  4607 | D:5      | Noticed a black bear
  4698 | D:5      | Killed a black bear
  4699 | D:5      | Reached skill level 5 in Dodging
  5036 | D:5      | Reached XP level 7. HP: 50/50 MP: 15/15
  5198 | D:5      | Identified the +0 hat of the Fisher {-Cast rN+ Dex+2
                  | Slay+3}
  5724 | D:6      | Reached skill level 5 in Stealth
  5836 | D:6      | Reached XP level 8. HP: 57/57 MP: 6/16
  5840 | D:6      | Reached * piety under Cheibriados
  6748 | D:6      | Found an ancient bone altar of Kikubaaqudgha.
  6978 | D:7      | Found a runed translucent gate.
  6978 | D:7      | Found a runed translucent gate.
  6978 | D:7      | Found a runed translucent gate.
  6988 | D:7      | Noticed diceflayer's ghost (novice MiFi)
  6988 | D:7      | Noticed mcbry74's ghost (novice TrBe)
  7004 | D:7      | Noticed diceflayer's ghost (journeyman MiFi)
  7037 | D:7      | Reached XP level 9. HP: 62/65 MP: 16/18
  7075 | D:7      | Found Edunlusu's Assorted Antiques.
  7286 | D:7      | Reached ** piety under Cheibriados
  8160 | D:7      | Gained mutation: Armour fits poorly on your strangely
                  | shaped body. [potion of mutation]
  8160 | D:7      | Gained mutation: You have sharp fingernails. [potion of
                  | mutation]
  8160 | D:7      | Gained mutation: You are somewhat resistant to further
                  | mutation. [potion of mutation]
  8551 | D:8      | Noticed Psyche
  8570 | D:8      | Learned a level 4 spell: Petrify
  8648 | D:8      | Killed Psyche
  8649 | D:8      | Reached skill level 5 in Invocations
  9196 | D:8      | Identified the +8 chain mail of Doumug {rN+}
  9274 | D:8      | Reached XP level 10. HP: 64/73 MP: 20/20
  9712 | D:8      | Reached skill level 5 in Fighting
  9712 | D:8      | Reached skill level 5 in Short Blades
  9712 | D:8      | Reached skill level 5 in Long Blades
  9712 | D:8      | Reached skill level 5 in Axes
  9712 | D:8      | Reached skill level 5 in Maces & Flails
  9712 | D:8      | Reached skill level 5 in Polearms
  9712 | D:8      | Reached skill level 5 in Staves
  9712 | D:8      | Reached skill level 5 in Slings
  9712 | D:8      | Reached skill level 5 in Bows
  9712 | D:8      | Reached skill level 5 in Crossbows
  9712 | D:8      | Reached skill level 5 in Throwing
  9712 | D:8      | Reached skill level 5 in Armour
  9712 | D:8      | Reached skill level 5 in Shields
  9712 | D:8      | Reached skill level 5 in Unarmed Combat
  9712 | D:8      | Reached skill level 5 in Evocations
  9966 | D:8      | Reached *** piety under Cheibriados
 10756 | D:9      | Noticed a two-headed ogre
 11070 | D:9      | Noticed a two-headed ogre
 11337 | D:8      | Identified the +10 shortbow of True Grit {speed, Int+3}
 11465 | D:9      | Reached skill level 5 in Transmutations
 11740 | D:9      | Reached **** piety under Cheibriados
 11911 | D:9      | Identified the +4 chain mail of Fedhas's Wrath {rF- rN++
                  | Dex+4}
 12440 | D:9      | Killed a two-headed ogre
 12441 | D:9      | Reached XP level 11. HP: 81/81 MP: 14/22
 12518 | D:10     | Entered Level 10 of the Dungeon
 12595 | D:10     | Found a transporter.
 12597 | D:10     | Noticed a storm dragon
 12597 | D:10     | Noticed a manticore
 12598 | D:10     | Noticed shugdite's ghost (novice MiFi)
 12600 | D:10     | Noticed a two-headed ogre
 12611 | D:10     | Killed a two-headed ogre
 12612 | D:10     | Reached skill level 5 in Conjurations
 12612 | D:10     | Reached skill level 5 in Hexes
 12612 | D:10     | Reached skill level 5 in Summonings
 12612 | D:10     | Reached skill level 5 in Necromancy
 12612 | D:10     | Reached skill level 5 in Translocations
 12612 | D:10     | Reached skill level 5 in Fire Magic
 12612 | D:10     | Reached skill level 5 in Ice Magic
 12612 | D:10     | Reached skill level 5 in Air Magic
 12612 | D:10     | Reached skill level 5 in Poison Magic
 12615 | D:10     | Found a transporter.
 12769 | D:11     | Noticed a cyclops
 12931 | D:10     | Found a staircase to the Lair.
 13097 | D:10     | You fall into a shaft and drop 3 floors!
 13097 | D:13     | Noticed Josephine
 13097 | D:13     | Noticed a skeletal warrior
 13250 | D:13     | Noticed a tengu warrior
 13307 | D:14     | Noticed a manticore
 13402 | D:14     | Noticed a boulder beetle
 13404 | D:14     | Noticed a centaur warrior
 13412 | D:14     | Killed a boulder beetle
 13418 | D:14     | Noticed a seven-headed hydra
 13433 | D:14     | Noticed a two-headed ogre
 13452 | D:14     | Noticed a centaur warrior
 13458 | D:14     | Noticed a wizard
 13478 | D:14     | Killed a wizard
 13521 | D:14     | Killed a seven-headed hydra
 13723 | D:13     | Noticed a red ugly thing
 13745 | D:13     | Noticed a boulder beetle
 13771 | D:12     | Noticed a two-headed ogre
 13796 | D:12     | Found a sacrificial altar of Ru.
 13845 | D:12     | Noticed a cyclops
 13848 | D:12     | Killed a cyclops
 13965 | D:12     | Noticed a boulder beetle
 14013 | D:12     | Noticed Sonja
 14399 | D:12     | Reached XP level 12. HP: 89/89 MP: 22/24
 14503 | D:12     | Killed a two-headed ogre
 15153 | D:11     | Reached ***** piety under Cheibriados
 15399 | D:11     | Noticed Grum
 15406 | D:11     | Killed Grum
 15486 | D:11     | Noticed a boulder beetle
 15501 | D:11     | Killed a boulder beetle
 16142 | D:7      | Bought a scroll of identify for 48 gold pieces
 16142 | D:7      | Bought a scroll of identify for 48 gold pieces
 16142 | D:7      | Bought a scroll of identify for 48 gold pieces
 16588 | Lair:1   | Entered Level 1 of the Lair of Beasts
 16677 | Lair:1   | Noticed a four-headed hydra
 16697 | Lair:1   | Killed a four-headed hydra
 17231 | Lair:2   | Noticed a six-headed hydra
 17235 | Lair:2   | Killed a six-headed hydra
 17547 | Lair:2   | Noticed Urug
 17922 | Lair:2   | Reached XP level 13. HP: 98/98 MP: 23/26
 18703 | Lair:3   | You fall into a shaft and drop 3 floors!
 18703 | Lair:6   | Entered Level 6 of the Lair of Beasts
 18736 | Lair:6   | Identified a scroll of acquirement
 18738 | Lair:6   | Acquired the amulet of Xom's Flight of Fancy {RegenMP rPois
                  | rF+ Regen+}
 18757 | Lair:6   | Found a viscous altar of Jiyva.
 18757 | Lair:6   | Found a staircase to the Slime Pits.
 19654 | Lair:6   | Reached ****** piety under Cheibriados
 19660 | Lair:6   | Learned a level 4 spell: Olgreb's Toxic Radiance
 19752 | Lair:6   | Noticed a dire elephant
 20668 | Lair:4   | Reached skill level 10 in Spellcasting
 20793 | Lair:4   | Identified the +6 trident of the Pyrrhic Victory {speed,
                  | Int+3}
 20989 | Lair:4   | Reached skill level 10 in Dodging
 20989 | Lair:4   | Reached XP level 14. HP: 103/106 MP: 26/28
 21180 | Lair:4   | Found a staircase to the Swamp.
 21580 | Lair:3   | Noticed zielscheibe's ghost (journeyman VSFi)
 21590 | Lair:3   | Found a transporter.
 21605 | Lair:3   | Reached skill level 10 in Stealth
 21629 | Lair:3   | Found a transporter.
 21647 | Lair:3   | Found a staircase to the Snake Pit.
 22453 | Lair:4   | Reached skill level 10 in Invocations
 22916 | Swamp:1  | Entered Level 1 of the Swamp
 23149 | Swamp:1  | Noticed Wiffeddi's ghost (adept DEEE)
 23149 | Swamp:1  | Noticed a thorn hunter
 23202 | Swamp:1  | Found a runed translucent gate.
 23202 | Swamp:1  | Found a runed translucent gate.
 23202 | Swamp:1  | Found a runed translucent gate.
 23315 | Swamp:1  | Noticed Frances
 24027 | Swamp:2  | Noticed a fenstrider witch
 24134 | Snake:1  | Entered Level 1 of the Snake Pit
 24162 | Snake:1  | Found Muix's Self-Improvement Boutique.
 24410 | Snake:1  | Shot with an arrow by a naga sharpshooter

Illustrated notes

Levels and vault maps discovered:
D:1:      dpeg_arrival_prison, layout_basic, minmay_misc_feat_cross,
          minmay_cut_off
D:2:      layout_rooms, minivault_26
D:3:      layout_basic, dreamdust_ecumenical_altar_grove,
          chequers_serial_rivers_small_b, minmay_ogre_servants, uniq_natasha,
          uniq_grinder
D:4:      layout_loops_ring, uniq_ijyb
D:5:      layout_basic, minmay_temple_entry_waves
D:6:      layout_basic, kennysheep_vampire_church
D:7:      layout_loops_ring, serial_shops, nicolae_shop_waterfront,
          gammafunk_ghost_cemetery
D:8:      layout_gridville, serial_ice, serial_ice_g, serial_ice_j,
          serial_ice_c, serial_ice_m, uniq_psyche
D:9:      layout_cave_pods, minmay_joined_circles
D:10:     layout_roguey, lair_entry_dummy, gammafunk_ghost_arena,
          serial_bayou_pond_b
D:11:     layout_cave_pools, uniq_grum
D:12:     layout_long_grid, orc_0_dummy, nicolae_ru_sacrificial_ziggurat,
          uniq_sonja
D:13:     layout_basic, hangedman_vaults_entry_quadrant_bands,
          solitary_fountain, kennysheep_generic_room_4, uniq_josephine
D:14:     layout_basic, hangedman_decor_growths, enter_trove_2
Temple:   kilobyte_greek_temple
Lair:1:   minmay_lair_oklob_chamber, layout_misc_corridors, lemuel_fruit_tree
Lair:2:   layout_chaotic_city, uniq_urug
Lair:3:   layout_loops_ring, dummy_snake_entry, nzn_ghost_randoct,
          hangedman_lair_unloving_vines
Lair:4:   layout_hall_layers, minmay_swamp_entry_worms, nzn_sisyphean_effort,
          grunt_megastairs_5
Lair:5:   minmay_lair_venomous_thicket, layout_gridlike
Lair:6:   hangedman_lair_in_review, layout_misc_corridors, slime_altar_1
Swamp:1:  layout_falls_marsh, gammafunk_ghost_split, evilmike_swamp_ruin_wall,
          swamp_pool5, infiniplex_staircase_pool, uniq_frances
Swamp:2:  layout_basic_swamp, hangedman_swamp_ruin_hall
Snake:1:  layout_misc_corridors, nicolae_shop_self_help, serial_bayou_shore_a,
          minmay_shop_grove

Skill      XL: |  1  2  3  4  5  6  7  8  9 10 11 12 13 14 |
---------------+-------------------------------------------+-----
Transmutations | 2 3 4 5 6 7 8 |  8.3
Spellcasting   | 5 6 7 8 9 10 | 10.8
Invocations    | 1 2 3 4 5 6 7 8 9 10 | 10.4
Fighting       | 1 2 3 4 5 6 7 8 9 |  9.6
Short Blades   | 1 2 3 4 5 6 7 8 9 |  9.6
Long Blades    | 1 2 3 4 5 6 7 8 9 |  9.6
Axes           | 1 2 3 4 5 6 7 8 9 |  9.6
Maces & Flails | 1 2 3 4 5 6 7 8 9 |  9.6
Polearms       | 1 2 3 4 5 6 7 8 9 |  9.6
Staves         | 1 2 3 4 5 6 7 8 9 |  9.6
Slings         | 1 2 3 4 5 6 7 8 9 |  9.6
Bows           | 1 2 3 4 5 6 7 8 9 |  9.6
Crossbows      | 1 2 3 4 5 6 7 8 9 |  9.6
Throwing       | 1 2 3 4 5 6 7 8 9 |  9.6
Armour         | 1 2 3 4 5 6 7 8 9 |  9.6
Shields        | 1 2 3 4 5 6 7 8 9 |  9.6
Unarmed Combat | 1 2 3 4 5 6 7 8 9 |  9.6
Evocations     | 1 2 3 4 5 6 7 8 9 |  9.6
Conjurations   | 1 2 3 4 5 6 7 8 |  8.0
Hexes          | 1 2 3 4 5 6 7 8 |  8.0
Summonings     | 1 2 3 4 5 6 7 8 |  8.0
Necromancy     | 1 2 3 4 5 6 7 8 |  8.0
Translocations | 1 2 3 4 5 6 7 8 |  8.0
Fire Magic     | 1 2 3 4 5 6 7 8 |  8.0
Ice Magic      | 1 2 3 4 5 6 7 8 |  8.0
Air Magic      | 1 2 3 4 5 6 7 8 |  8.0
Poison Magic   | 1 2 3 4 5 6 7 8 |  8.0
Dodging        | 5 6 7 8 9 10 | 10.6
Stealth        | 5 6 7 8 9 10 | 10.5
Earth Magic    | 6 7 8 9 |  9.7

Action                   |  1- 3 |  4- 6 |  7- 9 | 10-12 | 13-15 || total
-------------------------+-------+-------+-------+-------+-------++-------
Melee: Hand axe          |    12 |       |       |       |       ||    12
       Unarmed           |     5 |       |       |       |       ||     5
       Dagger            |    87 |   151 |     2 |   160 |   180 ||   580
       Bite              |     9 |    19 |    12 |    18 |    38 ||    96
       Punch             |     1 |     3 |     5 |     7 |    12 ||    28
       Rapier            |       |       |    68 |       |       ||    68
       Scimitar          |       |       |    77 |    25 |    74 ||   176
       Arbalest          |       |       |       |       |     1 ||     1
 Fire: Arbalest          |       |       |       |       |    31 ||    31
Throw: Stone             |       |       |     1 |       |       ||     1
       Dart              |       |       |       |    18 |     9 ||    27
 Cast: Sandblast         |    33 |    37 |    87 |    90 |    83 ||   330
       Passwall          |       |     8 |     5 |    34 |    20 ||    67
       Ensorcelled Hiber |       |       |     1 |    89 |   107 ||   197
       Petrify           |       |       |       |    13 |    12 ||    25
       Olgreb's Toxic Ra |       |       |       |       |    17 ||    17
Invok: Slouch            |       |       |       |     2 |     1 ||     3
       Temporal Distorti |       |       |       |     2 |     2 ||     4
       Step From Time    |       |       |       |       |     1 ||     1
 Abil: Evoke Blink       |       |       |       |     1 |     1 ||     2
Evoke: Wand              |       |       |    12 |     7 |    12 ||    31
       Condenser vane    |       |       |       |     1 |       ||     1
  Use: Potion            |       |       |     8 |     4 |       ||    12
       Scroll            |       |       |       |    11 |    11 ||    22
 Stab: Sleeping          |     6 |     5 |     5 |    70 |    80 ||   166
       Distracted        |       |     2 |     1 |     2 |     1 ||     6
       Petrified         |       |       |       |    10 |     6 ||    16
       Paralysed         |       |       |       |     1 |       ||     1
       Petrifying        |       |       |       |       |     4 ||     4
Armor: Robe              |    13 |       |     3 |    21 |    27 ||    64
       Leather armour    |    18 |    25 |    21 |       |       ||    64
Dodge: Dodged            |    62 |    94 |   213 |   316 |   305 ||   990
       Repelled          |       |       |     3 |     1 |     3 ||     7
